FLO
CLEARWATER THRESHERS @ FLORIDA FIRE FROGS
04/23/2024
 
TOP OF THE 1ST
Clearwater Threshers batting - Pitching for Florida Fire Frogs : RHP Justin Nolan
Pitching: RHP Justin Nolan
Batting: LHB José Gutiérrez 0-0: Foul Ball, location: 2F
0-1: Foul Ball, location: 7LMF
0-2: Strikes out swinging
Batting: LHB Lyndon Holland 0-0: Ball
1-0: Called Strike
1-1: Foul Ball, location: 7LMF
1-2: Fly out, F9 (Flyball, 9LM, EV 90.0 MPH)
Batting: RHB Nick Miller 0-0: Swinging Strike
0-1: Swinging Strike
0-2: Ball
1-2: Foul Ball, location: 2F
1-2: Foul Ball, location: 9LMF
1-2: Ball
2-2: Strikes out swinging
Top of the 1st over - 0 runs, 0 hits, 0 errors, 0 left on base; Clearwater 0 - Florida 0
BOTTOM OF THE 1ST
Florida Fire Frogs batting - Pitching for Clearwater Threshers : RHP Shane Illingworth
Pitching: RHP Shane Illingworth
Batting: RHB Richard Williams 0-0: Ball
1-0: SINGLE (Line Drive, 56D, EV 103.1 MPH)
Batting: LHB Luis Rivera 0-0: Swinging Strike
0-1: Foul Ball, location: 2F
0-2: Strikes out swinging
Batting: LHB Logan Jones 0-0: Ball
1-0: SINGLE (Groundball, 34D, EV 106.3 MPH)
Richard Williams to second
Runner from 2nd tries for 3rd, SAFE, throw by RF made to third
Batting: RHB David Wood 0-0: Ball
1-0: SINGLE (Groundball, 6, EV 103.1 MPH)
Richard Williams scores
Logan Jones to second
Batting: RHB Jaden Cabrera 0-0: Ball
1-0: Grounds into double play, 5-4-3 (Groundball, 5S, EV 88.1 MPH)
Bottom of the 1st over - 1 run, 3 hits, 0 errors, 1 left on base; Clearwater 0 - Florida 1
TOP OF THE 2ND
Clearwater Threshers batting - Pitching for Florida Fire Frogs : RHP Justin Nolan
Batting: SHB Félix Herrera 0-0: Ball
1-0: Ball
2-0: Fly out, F7 (Flyball, 78D, EV 106.3 MPH)
Batting: RHB Senen Pakpahan 0-0: Called Strike
0-1: Swinging Strike
0-2: Ball
1-2: Foul Ball, location: 2F
1-2: Ball
2-2: Fly out, F3 (Popup, 34, EV 73.8 MPH)
Batting: LHB Marcos Leal 0-0: Ball
1-0: Swinging Strike
1-1: Foul Ball, location: 25F
1-2: Foul Ball, location: 7LSF
1-2: Strikes out looking
Top of the 2nd over - 0 runs, 0 hits, 0 errors, 0 left on base; Clearwater 0 - Florida 1
BOTTOM OF THE 2ND
Florida Fire Frogs batting - Pitching for Clearwater Threshers : RHP Shane Illingworth
Batting: RHB Len Jones 0-0: Called Strike
0-1: Ball
1-1: Ball
2-1: Swinging Strike
2-2: Foul Ball, location: 2F
2-2: Fly out, F8 (Flyball, 8RD, EV 105.0 MPH)
Batting: RHB Damian McCain 0-0: Foul Ball, location: 3F
0-1: Fly out, F7 (Flyball, 7, EV 86.3 MPH)
Batting: RHB Mark King 0-0: Swinging Strike
0-1: Called Strike
0-2: Strikes out swinging
Bottom of the 2nd over - 0 runs, 0 hits, 0 errors, 0 left on base; Clearwater 0 - Florida 1
TOP OF THE 3RD
Clearwater Threshers batting - Pitching for Florida Fire Frogs : RHP Justin Nolan
Batting: RHB Juan Durán 0-0: Called Strike
0-1: Ball
1-1: Swinging Strike
1-2: Fly out, F8 (Flyball, 8RM, EV 91.9 MPH)
Batting: RHB Arnold Barrett 0-0: Called Strike
0-1: Ball
1-1: Ball
2-1: Fly out, F4 (Flyball, 4D, EV 91.3 MPH)
Batting: LHB Tony Segura 0-0: Ball
1-0: Fly out, F8 (Flyball, 8LD, EV 92.5 MPH)
Top of the 3rd over - 0 runs, 0 hits, 0 errors, 0 left on base; Clearwater 0 - Florida 1
BOTTOM OF THE 3RD
Florida Fire Frogs batting - Pitching for Clearwater Threshers : RHP Shane Illingworth
Batting: RHB Freddy Colón 0-0: Ball
1-0: Foul Ball, location: 2F
1-1: Foul Ball, location: 2F
1-2: Ball
2-2: Foul Ball, location: 2RF
2-2: Strikes out swinging
Batting: RHB Richard Williams 0-0: Swinging Strike
0-1: Swinging Strike
0-2: Strikes out looking
Batting: LHB Luis Rivera 0-0: Called Strike
0-1: Ball
1-1: Fly out, F7 (Flyball, 7LSF, EV 90.6 MPH)
Bottom of the 3rd over - 0 runs, 0 hits, 0 errors, 0 left on base; Clearwater 0 - Florida 1
TOP OF THE 4TH
Clearwater Threshers batting - Pitching for Florida Fire Frogs : RHP Justin Nolan
Batting: LHB José Gutiérrez 0-0: Ball
1-0: Ball
2-0: Foul Ball, location: 3SF
2-1: Foul Ball, location: 5SF
2-2: Strikes out swinging
Batting: LHB Lyndon Holland 0-0: SINGLE (Line Drive, 7S, EV 95.6 MPH)
Batting: RHB Nick Miller 0-0: Called Strike
Lyndon Holland steals 2nd base
0-1: Foul Ball, location: 5FF
0-2: Foul Ball, location: 25FF
0-2: Strikes out swinging
Batting: SHB Félix Herrera 0-0: Swinging Strike
0-1: Called Strike
0-2: Strikes out looking
Top of the 4th over - 0 runs, 1 hit, 0 errors, 1 left on base; Clearwater 0 - Florida 1
BOTTOM OF THE 4TH
Florida Fire Frogs batting - Pitching for Clearwater Threshers : RHP Shane Illingworth
Batting: LHB Logan Jones 0-0: Ball
1-0: Ball
2-0: Ball
3-0: Called Strike
3-1: Base on Balls
Batting: RHB David Wood 0-0: Ball
1-0: Swinging Strike
1-1: Swinging Strike
1-2: Strikes out swinging
Batting: RHB Jaden Cabrera 0-0: Called Strike
0-1: Ball
1-1: Fly out, F7 (Flyball, 78M, EV 90.0 MPH)
Batting: RHB Len Jones 0-0: Ball
1-0: Called Strike
1-1: Hit by Pitch
Logan Jones to second
Batting: RHB Damian McCain 0-0: Ball
1-0: Called Strike
1-1: Fly out, F7 (Flyball, 7LM, EV 90.0 MPH)
Bottom of the 4th over - 0 runs, 0 hits, 0 errors, 2 left on base; Clearwater 0 - Florida 1
TOP OF THE 5TH
Clearwater Threshers batting - Pitching for Florida Fire Frogs : RHP Justin Nolan
Batting: RHB Senen Pakpahan 0-0: Ball
1-0: Called Strike
1-1: Called Strike
1-2: Strikes out swinging
Batting: LHB Marcos Leal 0-0: Ball
1-0: Foul Ball, location: 7LMF
1-1: Foul Ball, location: 5DF
1-2: Foul Ball, location: 2F
1-2: Ball
2-2: Fly out, F6 (Popup, 56, EV 67.5 MPH)
Batting: RHB Juan Durán 0-0: Ball
1-0: Ball
2-0: Ball
3-0: Base on Balls
Batting: RHB Arnold Barrett 0-0: Swinging Strike
0-1: Ball
1-1: Ball
2-1: Called Strike
2-2: Foul Ball, location: 2F
2-2: Ball
3-2: Base on Balls
Juan Durán to second
Batting: LHB Tony Segura 0-0: Called Strike
0-1: Foul Ball, location: 3F
0-2: Fly out, F6 (Popup, 4M, EV 52.5 MPH)
Top of the 5th over - 0 runs, 0 hits, 0 errors, 2 left on base; Clearwater 0 - Florida 1
BOTTOM OF THE 5TH
Florida Fire Frogs batting - Pitching for Clearwater Threshers : RHP Shane Illingworth
Batting: RHB Mark King 0-0: Called Strike
0-1: Foul Ball, location: 2F
0-2: Ball
1-2: Ball
2-2: Ball
3-2: Ground out 5-3 (Groundball, 56, EV 80.0 MPH)
Batting: RHB Freddy Colón 0-0: Ball
1-0: Ball
2-0: Ball
3-0: Base on Balls
Batting: RHB Richard Williams 0-0: Ball
1-0: Foul Ball, location: 5F
1-1: Swinging Strike
1-2: Fly out, F4 (Popup, 4D, EV 67.5 MPH)
Batting: LHB Luis Rivera 0-0: Called Strike
0-1: Ball
Freddy Colón is caught stealing 2nd base 2-6
Bottom of the 5th over - 0 runs, 0 hits, 0 errors, 0 left on base; Clearwater 0 - Florida 1
TOP OF THE 6TH
Clearwater Threshers batting - Pitching for Florida Fire Frogs : RHP Justin Nolan
Batting: LHB José Gutiérrez 0-0: Foul Ball, location: 2F
0-1: Ball
1-1: Called Strike
1-2: Strikes out swinging
Batting: LHB Lyndon Holland 0-0: Called Strike
0-1: Fly out, F9 (Flyball, 9, EV 98.1 MPH)
Batting: RHB Nick Miller 0-0: Ball
1-0: SINGLE (Line Drive, 6MD, EV 97.5 MPH)
Batting: SHB Félix Herrera 0-0: Foul Ball, location: 2F
0-1: Ball
1-1: Ball
2-1: Fly out, F7 (Flyball, 78S, EV 92.5 MPH)
Top of the 6th over - 0 runs, 1 hit, 0 errors, 1 left on base; Clearwater 0 - Florida 1
BOTTOM OF THE 6TH
Florida Fire Frogs batting - Pitching for Clearwater Threshers : RHP Shane Illingworth
Batting: LHB Luis Rivera 0-0: Called Strike
0-1: Ball
1-1: Ball
2-1: Foul Ball, location: 7LMF
2-2: Ball
3-2: Foul Ball, location: 7LMFF
3-2: Fly out, F7 (Flyball, 7LD, EV 110.0 MPH)
Batting: LHB Logan Jones 0-0: Foul Ball, location: 2F
0-1: Ground out 4-3 (Groundball, 4, EV 90.0 MPH)
Batting: RHB David Wood 0-0: Ball
1-0: Ground out 6-3 (Groundball, 6, EV 82.5 MPH)
Bottom of the 6th over - 0 runs, 0 hits, 0 errors, 0 left on base; Clearwater 0 - Florida 1
TOP OF THE 7TH
Clearwater Threshers batting - Pitching for Florida Fire Frogs : RHP Justin Nolan
Batting: RHB Senen Pakpahan 0-0: Foul Ball, location: 2F
0-1: SINGLE (Line Drive, 4MD, EV 104.4 MPH)
Batting: LHB Marcos Leal 0-0: Bunted foul
0-1: Ball
1-1: Sac Bunt to 13S - play at first, batter OUT! 1-3
Senen Pakpahan to second
Pinch Hitting: RHB Jack Blomgren 0-0: Ball
1-0: Swinging Strike
1-1: Fly out, F2 (Popup, 3SF, EV 73.1 MPH)
Batting: RHB Arnold Barrett 0-0: Swinging Strike
0-1: Fly out, F6 (Popup, 6, EV 70.6 MPH)
Top of the 7th over - 0 runs, 1 hit, 0 errors, 1 left on base; Clearwater 0 - Florida 1
BOTTOM OF THE 7TH
Florida Fire Frogs batting - Pitching for Clearwater Threshers : RHP Shane Illingworth
Now in LF: Kevin Bolton
Batting: RHB Jaden Cabrera 0-0: Called Strike
0-1: Swinging Strike
0-2: Ball
1-2: Strikes out swinging
Pitching: RHP John Harris
Batting: RHB Len Jones 0-0: Foul Ball, location: 2F
0-1: Ball
1-1: Ball
2-1: Called Strike
2-2: Ball
3-2: Strikes out swinging
Batting: RHB Damian McCain 0-0: Called Strike
0-1: Ball
1-1: Ball
2-1: Ball
3-1: Called Strike
3-2: Strikes out swinging
Bottom of the 7th over - 0 runs, 0 hits, 0 errors, 0 left on base; Clearwater 0 - Florida 1
TOP OF THE 8TH
Clearwater Threshers batting - Pitching for Florida Fire Frogs : RHP Justin Nolan
Pitching: RHP Levi David
Batting: LHB Tony Segura 0-0: Ball
1-0: Called Strike
1-1: Ball
2-1: Ball
3-1: Foul Ball, location: 25F
3-2: Foul Ball, location: 7LMF
3-2: Strikes out swinging
Batting: LHB José Gutiérrez 0-0: Swinging Strike
0-1: SINGLE (Flyball, 4D, EV 89.4 MPH)
Batting: LHB Lyndon Holland 0-0: Fly out, F6 (Popup, 56, EV 55.6 MPH)
Batting: RHB Nick Miller 0-0: Ball
1-0: SINGLE (Groundball, 56S, EV 81.3 MPH) (infield hit)
José Gutiérrez to second
Batting: SHB Félix Herrera 0-0: Ball
1-0: Ball
2-0: Ball
3-0: Base on Balls
José Gutiérrez to third
Nick Miller to second
Batting: RHB Senen Pakpahan 0-0: Foul Ball, location: 3DF
0-1: Called Strike
0-2: Ball
1-2: Ball
2-2: Strikes out swinging
Top of the 8th over - 0 runs, 2 hits, 0 errors, 3 left on base; Clearwater 0 - Florida 1
BOTTOM OF THE 8TH
Florida Fire Frogs batting - Pitching for Clearwater Threshers : RHP John Harris
Batting: LHB Anthony Bando 0-0: Ball
1-0: Ground out 4-3 (Groundball, 4, EV 83.8 MPH)
Batting: RHB Freddy Colón 0-0: Called Strike
0-1: Ball
1-1: Foul Ball, location: 25FF
1-2: Ball
2-2: Ball
3-2: Fly out, F9 (Flyball, 9LD, EV 96.9 MPH)
Batting: RHB Richard Williams 0-0: Ground out 6-3 (Groundball, 6, EV 82.5 MPH)
Bottom of the 8th over - 0 runs, 0 hits, 0 errors, 0 left on base; Clearwater 0 - Florida 1
TOP OF THE 9TH
Clearwater Threshers batting - Pitching for Florida Fire Frogs : RHP Levi David
Batting: LHB Marcos Leal 0-0: Ball
1-0: Foul Ball, location: 3F
1-1: Called Strike
1-2: Ball
2-2: Ground out 4-3 (Groundball, 4, EV 80.0 MPH)
Batting: RHB Kevin Bolton 0-0: Called Strike
0-1: Ball
1-1: Swinging Strike
1-2: Strikes out swinging
Batting: RHB Arnold Barrett 0-0: Foul Ball, location: 9LMF
0-1: Swinging Strike
0-2: Ball
1-2: Strikes out swinging
Top of the 9th over - 0 runs, 0 hits, 0 errors, 0 left on base; Clearwater 0 - Florida 1
Thursday, May 2nd , 2024 - OOTP Baseball 24.11 Build 85